 Dungeon Crawl Stone Soup version 0.29-a0-892-g2c4c91d9db (webtiles) character file.

Game seed: 1010571213804090661

2590 gobodom the Conjurer (level 9, -1/62 HPs)
             Began as a Demonspawn Conjurer on July 22, 2022.
             Was a High Priest of Lugonu.
             Succumbed to a hornet's poison
             ... on level 7 of the Dungeon.
             The game lasted 00:28:03 (10441 turns).

gobodom the Conjurer (Demonspawn Conjurer)         Turns: 10441, Time: 00:28:04

Health: -1/62      AC:  7    Str: 12    XL:     9   Next: 33%
Magic:  0/18       EV: 13    Int: 22    God:    Lugonu [*****.]
Gold:   300        SH:  4    Dex: 17    Spells: 15/21 levels left

rFire   . . .      SeeInvis .   f - +4 quarterstaff (chaos)
rCold   . . .      Faith    .   (shield currently unavailable)
rNeg    . . .      Spirit   .   b - +2 robe
rPois   .          Reflect  .   (no helmet)
rElec   .          Harm     .   g - +2 cloak {Stlth+}
rCorr   .          Rampage  .   (no gloves)
Will    .....                   (no boots)
Stlth   ++++......              (no amulet)
HPRegen 0.20/turn               v - +6 ring of dexterity
MPRegen 0.16/turn               (no ring)

@: lethally poisoned (-1 -> -5), slowed, very slow
A: sturdy frame 2, condensation shield, demonic touch 1, strong 1
a: Renounce Religion, Depart the Abyss, Bend Space, Banish, Corrupt, Enter the
Abyss


You were on level 7 of the Dungeon.
You worshipped Lugonu.
Lugonu was extremely pleased with you.
You visited 2 branches of the dungeon, and saw 8 of its levels.
You also visited: Sewer.

You collected 300 gold pieces.

Inventory:

Hand Weapons
 f - a +4 quarterstaff of chaos (weapon)
 o - a +2 dagger of venom
Armour
 b - a +2 robe (worn)
 g - a +2 cloak of stealth (worn)
 p - a +0 ring mail
Magical Staves
 e - a staff of death
 x - a staff of fire
Jewellery
 v - a +6 ring of dexterity (left hand)
 y - an amulet of guardian spirit
Wands
 q - a wand of flame (28)
Scrolls
 c - a scroll of fear
 h - a scroll of identify
 l - a scroll of summoning {unknown}
 m - 2 scrolls of immolation {unknown}
 r - a scroll of teleportation {unknown}
 s - a scroll of magic mapping {unknown}
 t - 2 scrolls of vulnerability {unknown}
Potions
 a - 2 potions of brilliance
 d - a potion of degeneration {unknown}
 i - a potion of magic
 j - 3 potions of flight
 k - a potion of resistance
 n - 2 potions of haste
 u - a potion of might {unknown}
 w - 2 potions of mutation


   Skills:
 + Level 2.3 Fighting
 + Level 0.3(2.4) Polearms
 + Level 4.0 Staves
 + Level 3.6 Dodging
 + Level 3.5 Stealth
 + Level 1.9 Shields
 + Level 6.5 Spellcasting
 + Level 7.1 Conjurations
 * Level 1.8 Hexes
 + Level 4.3 Invocations
 + Level 2.1 Evocations


You had 15 spell levels left.
You knew the following spells:

 Your Spells              Type           Power      Damage    Failure   Level
a - Magic Dart            Conj           100%       1d8       1%          1
b - Searing Ray           Conj           76%        2d7       1%          2
c - Dazzling Flash        Conj/Hex       52%        N/A       4%          3

Your spell library contained the following spells:

 Spells                   Type           Power      Damage    Failure   Level
 Slow                     Hex            60%        N/A       4%          1
 Stone Arrow              Conj/Erth      44%        3d9       6%          3
 Sting                    Tmut/Pois      28%        1d4       9%          1
 Confusing Touch          Hex            15%        N/A       12%         3
 Poisonous Vapours        Pois/Air       14%        N/A       13%         2
 Fulminant Prism          Conj/Hex       13%        3d9       14%         4
 Iskenderun's Mystic Bla  Conj/Tloc      22%        2d6       21%         4
 Vampiric Draining        Necr           7%         2d6       26%         3
 Animate Armour           Summ/Erth      14%        N/A       65%         4
 Olgreb's Toxic Radiance  Pois           7%         N/A       65%         4
 Lehudib's Crystal Spear  Conj/Erth      11%        10d4      100%        8


Dungeon Overview and Level Annotations

Branches:
Dungeon (7/15)             Temple (1/1) D:6           Sewer (visited)

Altars:
Ashenzari
Cheibriados
Dithmenos
Fedhas
Gozag
Hepliaklqana
Kikubaaqudgha
Makhleb
Nemelex Xobeh
Qazlal
Ru
Sif Muna
Trog
Uskayaw
Vehumet
Wu Jian
Xom
Yredelemnul
Lugonu

Annotations:
D:7 2 runed translucent doors


Innate Abilities, Weirdness & Mutations

Your movements are less encumbered by armour. (ER -4)
A meltable shield of frost defends you. (SH +4)
Your touch may inflict minor irresistible damage on your foes.
Your muscles are strong. (Str +4, Int/Dex -1)


Message History

Casting: Searing Ray (safe; 1% risk of failure)
Confirm with . or Enter, or press ? or * to list all spells.
Aiming: Searing Ray (safe; 1% risk of failure)
Press: ? - help, Shift-Dir - straight line, f/p - hornet
Aim: a hornet (moderately wounded, 71% to hit)
The searing ray hits the hornet!
The hornet is heavily wounded. (Press . to maintain the ray.)
You block the hornet's attack. The hornet barely misses you.
The searing ray hits the hornet!
The hornet is severely wounded.
The hornet stings you!
You feel yourself slow down.
The searing ray hits the hornet.
The hornet is almost dead.
The hornet stings you.
You are poisoned.
You feel as though you will be slow longer.
The hornet barely misses you.
The searing ray hits the hornet but does no damage.
The hornet is severely wounded.
You finish channelling your searing ray.
You feel very sick. The hornet stings you!
* * * LOW HITPOINT WARNING * * *
You feel as though you will be slow longer.
The hornet closely misses you. x2
Okay, then.
Casting: Searing Ray (safe; 1% risk of failure)
Confirm with . or Enter, or press ? or * to list all spells.
Aiming: Searing Ray (safe; 1% risk of failure)
Press: ? - help, Shift-Dir - straight line, f/p - hornet
Aim: a hornet (severely wounded, 71% to hit)
The searing ray hits the hornet.
The hornet is almost dead. (Press . to maintain the ray.)
You feel sick. The hornet closely misses you. The hornet stings you!
* * * LOW HITPOINT WARNING * * *
You feel as though you will be slow longer.
The searing ray misses the hornet.
You die...

........##..##.......#
........+............+
........#............#
##..##..##..##..######..
#..##.)##..##..#.....#
#.. +..).)...#..).....#
#. #...######..#.....#
##### #.)#.....#
#.@#.....#
#.......y.....#
#.......#.....#
######..#.....#
#..#####.. #... . #...
#...


You could see a hornet.

Vanquished Creatures
  The ghost of Nato the Changer, an amateur OpTm (D:5)
  Sigmund (D:2)
  A wyvern (D:6)
  A steam dragon (D:6)
  Duvessa (D:7)
  An ice beast (D:5)
  A black bear (D:5)
  4 ogres
  3 phantoms
  3 kobold brigands (Sewer)
  A bullfrog (D:6)
  Dowan (D:7)
  A crimson imp (D:4)
  3 quasits (D:5)
  An orc priest (D:6)
  Crazy Yiuf (D:2)
  5 hounds
  Jessica (D:2)
  4 iguanas
  2 orc wizards
  13 adders
  A river rat (Sewer)
  A white imp (D:4)
  An ufetubus (D:5)
  7 worms
  4 dart slugs
  14 orcs
  14 endoplasms
  7 giant cockroaches
  8 goblins
  11 hobgoblins
  8 jackals
  11 kobolds
  6 quokkas
  17 ball pythons
  6 bats
  3 frilled lizards
  10 rats
179 creatures vanquished.

Notes
Turn   | Place    | Note
-------+----------+-------------------------------------------
     0 | D:1      | gobodom the Demonspawn Conjurer began the quest for the
                  | Orb.
     0 | D:1      | Reached XP level 1. HP: 13/13 MP: 3/3
    65 | D:1      | Found a faded altar of an unknown god.
    70 | D:1      | Prayed at the altar of an unknown god.
    70 | D:1      | Became a worshipper of Lugonu the Unformed
    70 | D:1      | Reached * piety under Lugonu
    70 | D:1      | Reached ** piety under Lugonu
   368 | D:1      | Gained mutation: A meltable shield of frost defends you.
                  | (SH +4) [demonic ancestry]
   368 | D:1      | Reached XP level 2. HP: 19/19 MP: 0/5
   434 | D:1      | Reached skill level 1 in Invocations
   795 | D:1      | Learned a level 2 spell: Searing Ray
  1154 | D:1      | Gained mutation: Your movements are slightly less
                  | encumbered by armour. (ER -2) [demonic ancestry]
  1154 | D:1      | Reached XP level 3. HP: 24/24 MP: 2/6
  1521 | D:2      | Noticed Jessica
  1526 | D:2      | Killed Jessica
  1633 | D:2      | Reached skill level 1 in Evocations
  1689 | D:2      | Reached XP level 4. HP: 30/30 MP: 3/7
  1838 | D:2      | Reached *** piety under Lugonu
  2288 | D:2      | Reached skill level 5 in Conjurations
  2435 | D:2      | Noticed Sigmund
  2444 | D:2      | Killed Sigmund
  2445 | D:2      | Reached XP level 5. HP: 3/36 MP: 1/9
  2736 | D:2      | Gained mutation: You are frail. (-10% HP) [potion of
                  | mutation]
  2736 | D:2      | Gained mutation: You occasionally shout uncontrollably at
                  | your foes. [potion of mutation]
  2736 | D:2      | Gained mutation: You have a pair of small horns on your
                  | head. [potion of mutation]
  2737 | D:2      | Lost mutation: You are frail. (-10% HP) [potion of
                  | mutation]
  2737 | D:2      | Lost mutation: You have a pair of small horns on your head.
                  | [potion of mutation]
  2737 | D:2      | Lost mutation: You occasionally shout uncontrollably at
                  | your foes. [potion of mutation]
  2737 | D:2      | Gained mutation: Your muscles are strong. (Str +4, Int/Dex
                  | -1) [potion of mutation]
  2856 | D:2      | Gained mutation: Your movements are less encumbered by
                  | armour. (ER -4) [demonic ancestry]
  2856 | D:2      | Reached XP level 6. HP: 42/42 MP: 5/10
  3098 | D:2      | Found a runed translucent door.
  3099 | D:2      | Noticed Crazy Yiuf
  3106 | D:2      | Killed Crazy Yiuf
  3936 | D:3      | Found a glowing drain.
  3952 | Sewer    | Entered a sewer
  4279 | Sewer    | Reached **** piety under Lugonu
  4816 | Sewer    | Reached skill level 1 in Staves
  4816 | Sewer    | Reached XP level 7. HP: 47/47 MP: 4/12
  5280 | D:3      | Found a shimmering blue altar of Sif Muna.
  5292 | D:3      | Found a hazy altar of Hepliaklqana.
  6610 | D:4      | Reached skill level 6 in Conjurations
  6878 | D:5      | Entered Level 5 of the Dungeon
  6908 | D:5      | Reached skill level 1 in Fighting
  6908 | D:5      | Reached skill level 5 in Spellcasting
  6908 | D:5      | Gained mutation: Your touch may inflict minor irresistible
                  | damage on your foes. [demonic ancestry]
  6908 | D:5      | Reached XP level 8. HP: 47/54 MP: 10/15
  7332 | D:5      | Found a transporter.
  7341 | D:5      | Noticed Nato's ghost (amateur OpTm)
  7356 | D:5      | Found a transporter.
  7614 | D:5      | Reached ***** piety under Lugonu
  8094 | D:5      | Killed Nato's ghost
  8101 | D:5      | Reached skill level 1 in Shields
  8437 | D:6      | Learned a level 3 spell: Dazzling Flash
  8450 | D:6      | Found a hide-covered altar of Uskayaw.
  8880 | D:6      | Reached XP level 9. HP: 47/61 MP: 4/18
  9072 | D:6      | Reached skill level 1 in Hexes
  9345 | D:6      | Reached skill level 7 in Conjurations
  9645 | D:6      | Found a staircase to the Ecumenical Temple.
  9658 | Temple   | Entered the Ecumenical Temple
  9901 | D:7      | Noticed Duvessa
  9901 | D:7      | Noticed Dowan
  9912 | D:7      | Killed Duvessa
 10177 | D:7      | Killed Dowan
 10252 | D:7      | Found a runed translucent gate.
 10252 | D:7      | Found a runed translucent gate.
 10432 | D:7      | Paralysed by a hornet for 2 turns
 10440 | D:7      | HP: 1/62 [hornet (14)]
 10441 | D:7      | Succumbed to a hornet's poison

Illustrated notes

Levels and vault maps discovered:
D:1:      dpeg_arrival_simpleton_b, layout_basic, shapermc_ecumenical_altar_venn
D:2:      layout_basic, uniq_sigmund, uniq_crazy_yiuf_cottage, uniq_jessica
D:3:      layout_loops_ring, minitemple, cheibrodos_sewer_entry_bend,
          minmay_door_square, nicolae_elevator_lobby_plus
D:4:      layout_gridville, reono_crystal_passage, minmay_fire_ice_demons
D:5:      layout_loops_ring, gammafunk_ghost_stat_death
D:6:      layout_cave_pools, nicolae_overflow_crystal_walls,
          minmay_temple_entry_mist
D:7:      lemuel_bear_cage, layout_gridville, gammafunk_ghost_necromancy,
          serial_shops, shop, uniq_duvessa
Temple:   minmay_crystal_spiral_temple

Skill      XL: |  1  2  3  4  5  6  7  8  9 |
---------------+----------------------------+-----
Invocations    | 1 2 3 4 |  4.3
Stealth        | 2 3 |  3.5
Dodging        | 2 3 |  3.6
Evocations     | 1 2 |  2.1
Conjurations   | 5 6 7 |  7.1
Spellcasting   | 3 5 6 |  6.5
Staves         | 1 2 3 4 |  4.0
Fighting       | 1 2 |  2.3
Shields        | 1 |  1.9
Hexes          | 1 |  1.8
Polearms       | |  0.3

Action                   |  1- 3 |  4- 6 |  7- 9 || total
-------------------------+-------+-------+-------++-------
Melee: Spear             |     8 |     9 |       ||    17
       Quarterstaff      |       |     6 |    71 ||    77
 Cast: Magic Dart        |    77 |   142 |   185 ||   404
       Searing Ray       |       |     3 |    23 ||    26
       Dazzling Flash    |       |       |     3 ||     3
Invok: Bend Space        |       |       |     4 ||     4
  Use: Potion            |       |     3 |     3 ||     6
       Scroll            |       |     8 |     2 ||    10
 Stab: Sleeping          |       |       |     1 ||     1
Armor: Robe              |     1 |     1 |    58 ||    60
       Leather armour    |     3 |     4 |       ||     7
Dodge: Dodged            |    11 |     8 |   118 ||   137
Block: Other             |     1 |       |    45 ||    46

Table legend: (Time is in decaauts)
 A = Elapsed time spent in this place.
 B = Non-inter-level travel time spent in this place.
 C = Inter-level travel time spent in this place.
 D = Time resting spent in this place.
 E = Time spent auto-exploring this place.
 F = Levels seen in this place.
 G = Mean time per level.
                   A        B        C        D        E       F      G
               +--------+--------+--------+--------+--------+-----+--------+
         Total |  10602 |   9708 |    894 |   1052 |   7507 |   9 | 1178.0 |
       Dungeon |   9073 |   8262 |    811 |    994 |   6285 |   7 | 1296.1 |
        Temple |    210 |    127 |     83 |      0 |    111 |   1 |  210.0 |
         Sewer |   1318 |   1318 |      0 |     58 |   1111 |   1 | 1318.0 |
               +--------+--------+--------+--------+--------+-----+--------+

Top non-repeatable levels by time:
     D:2: 1842 daAuts
     D:5: 1665 daAuts
     D:1: 1521 daAuts
     D:6: 1410 daAuts
   Sewer: 1318 daAuts
     D:3: 1193 daAuts
     D:4: 1152 daAuts
     D:7: 288 daAuts
  Temple: 210 daAuts
